[Event "Team 45 45 League T33"]
[Site "Internet Chess Club"]
[Date "2007.05.19"]
[Round "5"]
[White "Fegary"]
[Black "ETwoEFour"]
[Result "0-1"]
[WhiteElo "1830"]
[BlackElo "1985"]
[ECO "C40"]
[TimeControl "2700+45"]

1. e4 e5 2. Nf3 f5 3. Nxe5 Qf6 4. d4 d6 5. Nc4 fxe4 6. Nc3 Qg6 7. Bf4 Nf6 8. Ne3
Be7 9. Bc4 c6 10. h4 d5 11. h5 Qf7 12. Be2 O-O 13. h6 g6 14. Qd2 Nh5 15. Bxh5
Qxf4 16. g3 Qf7 17. Bd1 Bg5 18. Rh2 Be6 19. Be2 Nd7 20. O-O-O Qe7 21. Kb1 Rf7
22. Qe1 Raf8 23. Bg4 Bxg4 24. Nxg4 Qe6 25. Ne3 Nf6 26. Qe2 Bxe3 27. fxe3 Ng4 28.
Rh4 Rf3 29. Rg1 Nxe3 30. Nd1 Nf5 31. Rf4 Nxd4 32. Rxf8+ Rxf8 33. Qe3 Nf3 34. Rg2
d4 35. Qa3 Qh3 36. Qe7 Qxh6 37. Re2 Qh1 38. Kc1 e3 39. Qxb7 Qf1 40. Qb3+ Rf7
{White resigns} 0-1

[Event "Team 45 45 League T33"]
[Site "Internet Chess Club"]
[Date "2007.05.19"]
[Round "5"]
[White "nanning"]
[Black "C-Jones"]
[Result "0-1"]
[WhiteElo "1538"]
[BlackElo "1654"]
[ECO "C70"]
[TimeControl "2700+45"]

1. e4 e5 2. Nf3 Nc6 3. Bb5 a6 4. Ba4 Bc5 5. c3 Nf6 6. O-O b5 7. Bc2 d5 8. b4 Bb6
9. exd5 Qxd5 10. Bb3 Qd3 11. Bc2 Qd5 12. Bb3 Qd3 13. Bc2 Qd6 14. Re1 O-O 15. h3
Re8 16. d3 Bf5 17. Nh4 Be6 18. Bg5 Nd5 19. Qh5 Ndxb4 20. cxb4 Bd4 21. Nd2 Bxa1
22. d4 g6 23. Bxg6 fxg6 24. Nxg6 Bf7 25. Ne7+ Nxe7 26. Qg4 Ng6 27. Ne4 Qe6 28.
Nf6+ Kh8 29. Qh5 Nf8 30. Qh4 Bxd4 31. Bh6 Bg6 32. Nxe8 Rxe8 33. Kh1 Qf5 34. g4
Qxf2 {White resigns} 0-1

[Event "Team 45 45 League T33"]
[Site "Internet Chess Club"]
[Date "2007.05.20"]
[Round "5"]
[White "lw"]
[Black "joshtournman"]
[Result "0-1"]
[WhiteElo "1487"]
[BlackElo "1549"]
[ECO "C26"]
[TimeControl "2700+45"]

1. e4 e5 2. Bc4 Nf6 3. Nc3 Bc5 4. Nf3 Nc6 5. d3 O-O 6. Bg5 Re8 7. Qd2 Be7 8. h4
d6 9. h5 Bg4 10. Nh4 Nxh5 11. Bxe7 Qxe7 12. Nf5 Bxf5 13. Rxh5 Bg6 14. Rh3 Na5
15. Nd5 Qd7 16. O-O-O Nxc4 17. dxc4 Bxe4 18. Nf6+ gxf6 19. Rdh1 Kf8 20. f3 Bg6
21. g4 Ke7 22. g5 Qf5 23. gxf6+ Qxf6 24. Rd1 Qf4 25. Rhh1 Qxd2+ 26. Rxd2 Rad8
27. Rhd1 f5 28. c5 dxc5 29. Rxd8 Rxd8 30. Rxd8 Kxd8 31. c3 h5 32. Kd2 e4 33. Ke3
exf3 34. Kxf3 Ke7 35. Kf4 Kf6 36. Kf3 Kg5 37. Kg3 f4+ 38. Kf3 Kf5 39. Kf2 Kg4
40. Kg2 f3+ 41. Kf2 h4 42. Kg1 Kg3 43. Kh1 f2 {White resigns} 0-1